 Dungeon Crawl Stone Soup version 0.17-a0-372-gcac7fed (webtiles) character file.

179 bawbag the Chopper (level 5, -13/46 HPs)
             Began as a Deep Dwarf Fighter on Apr 1, 2015.
             Mangled by a goliath beetle (24 damage)
             ... on level 3 of the Dungeon.
             The game lasted 00:04:10 (2006 turns).

bawbag the Chopper (Deep Dwarf Fighter)             Turns: 2006, Time: 00:04:10

Health: -13/46     AC: 11    Str: 20    XL:     5   Next: 32%
Magic:  5/5        EV:  3    Int:  8    God:
Gold:   127        SH:  9    Dex: 13    Spells: 0 memorised, 4 levels left

rFire  . . .     SeeInvis .     a - +0 war axe
rCold  . . .     Clarity  .     h - +0 plate armour
rNeg   . . .     SustAb   .     c - +0 shield
rPois  .         Gourm    .     (no helmet)
rElec  .         Spirit   .     (no cloak)
rCorr  .         Warding  .     (no gloves)
rMut   .         Stasis   .     (no boots)
MR     .....                    (no amulet)
Stlth  ..........               (no ring)
                                (no ring)

@: non-regenerating, not resistant to hostile enchantments, extremely unstealthy
A: damage resistance, recharge devices, sense surroundings 1, slow healing 3
a: Device Recharging


You were on level 3 of the Dungeon.
You were not hungry.

You visited 1 branch of the dungeon, and saw 3 of its levels.

You collected 127 gold pieces.

Inventory:

Hand weapons
 a - a +0 war axe (weapon)
Armour
 b - a +0 scale mail
 c - a +0 shield (worn)
 h - a +0 plate armour (worn)
Magical devices
 d - a wand of heal wounds (4)
 q - a wand of digging (13)
Scrolls
 i - 4 scrolls of identify {unknown}
 k - a scroll of recharging {unknown}
 n - 3 scrolls of teleportation {unknown}
 p - a scroll of immolation {unknown}
Potions
 e - a potion of might
 g - a potion of lignification {unknown}
 l - a potion of restore abilities {unknown}
 r - a potion of magic {unknown}
Comestibles
 f - 5 bread rations
 j - 2 beef jerkies
 m - a royal jelly
 o - 3 chunks of flesh


   Skills:
 - Level 2.6 Fighting
 + Level 6.2 Axes
 - Level 3.2 Armour
 - Level 3.2 Shields


You had 4 spell levels left.
You didn't know any spells.

Dungeon Overview and Level Annotations

Branches:
Dungeon (3/15)

Altars:
Kikubaaqudgha
Ru
Sif Muna


Innate Abilities, Weirdness & Mutations

You are resistant to damage.
You can recharge devices by infusing magical energy.
You passively map a small area around you.
You do not heal naturally.


Message History

The goliath beetle is lightly wounded.
Your plate armour prevents you from hitting the goliath beetle.
The goliath beetle is lightly wounded.
The goliath beetle bites you!
You hit the goliath beetle.
The goliath beetle is moderately wounded.
The goliath beetle bites you.
* * * LOW HITPOINT WARNING * * *
You slash the goliath beetle!
The goliath beetle is moderately wounded.
You hit the goliath beetle.
The goliath beetle is heavily wounded.
You block the goliath beetle's attack.
Your plate armour prevents you from hitting the goliath beetle.
The goliath beetle is heavily wounded.
You hit the goliath beetle.
The goliath beetle is heavily wounded.
The goliath beetle bites you!!
Ouch! That really hurt!
You die...

* * ########.#....
.....(......#. *
*########.#....
####### #.#....
,#####.....# #.#.#..
#.....###.###.#.#.. *
#.##..# #.....#.#..
#B##..#########†#.. ,
*,#.@................
*,###############.##.
* ,,, ,, #.#.. * , *
, #.##. ,* * * #.#..
,* #.### #.... * , ,
##### , ,


You could see a goliath beetle.

Vanquished Creatures
  Ijyb (D:2)
  Jessica (D:2)
  Natasha (D:2)
  5 adders
  A giant gecko (D:1)
  An ooze (D:2)
  3 ball pythons
  5 giant cockroaches
  5 hobgoblins
  5 jackals (D:3)
  A quokka (D:2)
  7 bats
  5 giant newts
  7 goblins
  6 kobolds
  5 rats
59 creatures vanquished.

Notes
Turn   | Place    | Note
--------------------------------------------------------------
     0 | D:1      | bawbag, the Deep Dwarf Fighter, began the quest for the Orb.
     0 | D:1      | Reached XP level 1. HP: 20/20 MP: 1/1
   324 | D:1      | Reached XP level 2. HP: 24/27 MP: 2/2
   425 | D:1      | You fall through a shaft!
   490 | D:2      | Noticed Ijyb
   506 | D:2      | Killed Ijyb
   506 | D:2      | Reached skill level 4 in Axes
   506 | D:2      | Reached XP level 3. HP: 24/33 MP: 3/3
   613 | D:2      | Noticed Natasha
   627 | D:2      | Killed Natasha
   627 | D:2      | Reached XP level 4. HP: 10/40 MP: 4/4
   642 | D:2      | Reached skill level 5 in Axes
   782 | D:2      | Found an ancient bone altar of Kikubaaqudgha.
   898 | D:2      | Noticed Jessica
   913 | D:2      | Killed Jessica
   948 | D:2      | Found a deep blue altar of Sif Muna.
  1066 | D:2      | Reached XP level 5. HP: 26/46 MP: 5/5
  1699 | D:3      | Reached skill level 6 in Axes
  1744 | D:3      | Found a sacrificial altar of Ru.
  2006 | D:3      | Mangled by a goliath beetle

Action                   |  1- 3 |  4- 6 || total
-------------------------+-------+-------++-------
Melee: War axe           |    74 |   131 ||   205
Evoke: Wand              |       |     1 ||     1
  Eat: Chunk             |       |     2 ||     2
       Meat ration       |       |     1 ||     1
